 Dungeon Crawl Stone Soup version 0.30-a0-368-g86fb4627a9 (webtiles) character file.

Game seed: 13134527298430121728

135 porpoise the Magician (level 5, -6/40 HPs)
             Began as a Djinni Fire Elementalist on Nov 20, 2022.
             Mangled by Natasha (7 damage)
             ... on level 2 of the Dungeon.
             The game lasted 00:12:24 (1782 turns).

porpoise the Magician (Djinni Fire Elementalist)    Turns: 1782, Time: 00:12:26

Health: -6/40      AC:  2    Str:  7    XL:     5   Next: 42%
Gold:   60         EV: 12    Int: 18    God:
                   SH:  0    Dex: 14

rFire   + + .      SeeInvis .    a - +1 dagger (protect)
rCold   x . .      Faith    .    (no shield)
rNeg    . . .      Spirit   .    e - +0 robe
rPois   ∞          Reflect  .    (no helmet)
rElec   .          Harm     .    (no cloak)
rCorr   .          Rampage  .    (no gloves)
Will    .....                    (boots unavailable)
Stlth   ++........               (no amulet)
HPRegen 0.26/turn                (no ring)
MPRegen 0.00/turn                (no ring)

@: flying, slowed, very slow
A: sickness immunity, fire resistance 2, cold vulnerability 1, float, innate
caster, HP casting, extra vitality 1
a: no special abilities


You were on level 2 of the Dungeon.
You visited 1 branch of the dungeon, and saw 2 of its levels.

You collected 154 gold pieces.
You spent 94 gold pieces at shops.

Inventory:

Hand Weapons
 a - a +1 dagger of protection (weapon)
 b - a +0 sling
Missiles
 f - 2 atropa-tipped darts
 l - 9 poisoned darts
Armour
 e - a +0 robe (worn)
Jewellery
 p - a ring of see invisible
Scrolls
 c - a scroll of enchant armour {unknown}
 j - 4 scrolls of identify {unknown}
 k - a scroll of poison {unknown}
 m - 2 scrolls of brand weapon {unknown}
 n - a scroll of teleportation {unknown}
 r - 2 scrolls of butterflies {unknown}
Potions
 d - 2 potions of lignification {unknown}
 g - a potion of curing
 h - a potion of mutation {unknown}
 i - 3 potions of attraction {unknown}
 o - a potion of magic {unknown}
 q - a potion of heal wounds {unknown}
 s - a potion of cancellation {unknown}


   Skills:
 + Level 3.1 Fighting
 - Level 2.1 Dodging
 - Level 1.5 Stealth
 + Level 3.5 Spellcasting


You couldn't memorise any spells.
You knew the following spells:

 Your Spells              Type           Power      Damage    Failure   Level
a - Foxfire               Conj/Fire      64%        2x1d7     3%          1
b - Scorch                Fire           32%        2d6       5%          2
c - Kindle Blastsparks    Fire/Tloc/Air  32%        2d12      11%         3
d - Inner Flame           Hex/Fire       16%        N/A       11%         3
e - Flame Wave            Conj/Fire      16%        2d7       34%         4
f - Kiss of Death         Conj/Necr      64%        2d10      3%          1
g - Static Discharge      Conj/Air       32%        2-4/arc   5%          2
Your spell library was empty.

Dungeon Overview and Level Annotations

Branches:
Dungeon (2/15)

Altars:

Shops:
D:1 *   D:2 [

Annotations:
D:2 Natasha


Innate Abilities, Weirdness & Mutations

You are immune to sickness and miasma.
You are immune to poison.
Your flesh is very heat resistant. (rF++)
You are vulnerable to cold. (rC-)
You float through the air rather than walking.
You learn spells naturally, not from books.
Your magical power is your life essence.
You have superior vitality. (+4 MHP)


Message History

You start resting.
Natasha is nearby!
Natasha hisses angrily.
Natasha drinks a potion.
Natasha flickers and vanishes!
Deactivating autopickup; reactivate with Ctrl-A.
Casting: Scorch (safe; 5% risk of failure)
Confirm with . or Enter, or press ? or * to list all spells.
You conjure some foxfire!
You hear some strange, mumbled words.
You feel yourself slow down.
Casting: Foxfire (safe; 3% risk of failure)
Confirm with . or Enter, or press ? or * to list all spells.
You can't see any susceptible monsters within range! (Use Z to cast anyway.)
Casting: Foxfire (safe; 3% risk of failure)
Confirm with . or Enter, or press ? or * to list all spells.
Flames lash something.
The foxfire hits something. x2
Something claws you but does no damage. Something claws you.
Casting: Scorch (safe; 5% risk of failure)
Confirm with . or Enter, or press ? or * to list all spells.
You conjure some foxfire!
You hear some strange, mumbled words.
A magic dart appears from out of thin air!
The magic dart hits you.
You barely miss something.
The foxfire hits something but does no damage.
The foxfire hits something.
Something claws you. Something claws you!
* * * LOW HITPOINT WARNING * * *
Casting: Foxfire (safe; 3% risk of failure)
Confirm with . or Enter, or press ? or * to list all spells.
You conjure some foxfire!
* * * LOW HITPOINT WARNING * * *
You hear some strange, mumbled words.
You barely miss something.
The foxfire hits something but does no damage. x2
You hear some strange, mumbled words.
A magic dart appears from out of thin air!
The magic dart hits you!
* * * LOW HITPOINT WARNING * * *
Something claws you!
You die...

#....#.....##...# #####
####.......###.#########
#....................
#..<.....##..........
#.......###..#.######
#.......# #..#.# ##
#....5..# #†.#.# #.
##.#{######..#.# #.
#..@.....∩..#.# #.
###§#####...#.## #. #.#
#.......####. #.#
#............ #.##
#.......##... #..#
##...#.###.#. ##.#
##.##.###.#. #.#
#....[..... #.#
####.###...


You could see a shadow imp (summoned).

Vanquished Creatures
  Natasha (twice) (D:2)
  An adder (D:2)
  2 worms (D:2)
  3 dart slugs
  3 orcs (D:2)
  4 bats (D:2)
  2 endoplasms (D:2)
  2 giant cockroaches
  8 goblins
  5 hobgoblins
  8 jackals
  A quokka (D:1)
  6 ball pythons
  2 frilled lizards
  4 kobolds
  6 rats
59 creatures vanquished.

Vanquished Creatures (others)
  158 foxfires
158 creatures vanquished.

Grand Total: 217 creatures vanquished

Notes
Turn   | Place    | Note
-------+----------+-------------------------------------------
     0 | D:1      | porpoise the Djinni Fire Elementalist began the quest for
                  | the Orb.
     0 | D:1      | porpoise set off with the following spells memorised:
                  | Foxfire, Scorch, Kindle Blastsparks, Inner Flame, Flame
                  | Wave.
     0 | D:1      | Reached XP level 1. HP: 15/15 MP: 0/0
    48 | D:1      | Found Liskixah's Assorted Antiques.
   107 | D:1      | Reached skill level 1 in Fighting
   107 | D:1      | Reached XP level 2. HP: 22/22 MP: 0/0
   368 | D:1      | Reached XP level 3. HP: 25/27 MP: 0/0
   368 | D:1      | Learned a level 1 spell: Kiss of Death
  1012 | D:2      | Reached XP level 4. HP: 31/33 MP: 0/0
  1043 | D:2      | Found Oseutz's Armour Shop.
  1072 | D:1      | Bought a viscous orange potion for 22 gold pieces
  1072 | D:1      | Bought a scroll labelled TIXIOZ YSOWN for 25 gold pieces
  1072 | D:1      | Bought a red potion for 22 gold pieces
  1072 | D:1      | Bought a scroll labelled TIXIOZ YSOWN for 25 gold pieces
  1521 | D:2      | Noticed Natasha
  1529 | D:2      | Killed Natasha
  1530 | D:2      | Reached XP level 5. HP: 10/40 MP: 0/0
  1530 | D:2      | Learned a level 2 spell: Static Discharge
  1733 | D:2      | Noticed Natasha
  1743 | D:2      | Killed Natasha
  1769 | D:2      | Noticed Natasha
  1782 | D:2      | HP: 1/40 [something/magic dart (7)]
  1782 | D:2      | Mangled by Natasha

Illustrated notes

Levels and vault maps discovered:
D:1:      lemuel_arrival_lava_pool, layout_basic, serial_shops, shop,
          dreamdust_wishing_well, minmay_tromino_v2
D:2:      layout_loops_ring, serial_shops, shop, uniq_natasha

Skill      XL: |  1  2  3  4  5 |
---------------+----------------+-----
Fighting       | 1 2 3 |  3.1
Spellcasting   | 3 |  3.5
Dodging        | |  2.1
Stealth        | |  1.5

Action                   |  1- 3 |  4- 6 || total
-------------------------+-------+-------++-------
Melee: Short sword       |     7 |       ||     7
       Dagger            |     4 |     8 ||    12
       Punch             |     1 |       ||     1
 Cast: Foxfire           |    56 |    40 ||    96
       Scorch            |     1 |     5 ||     6
Armor: Robe              |     3 |     5 ||     8
Dodge: Dodged            |    13 |     8 ||    21

Table legend: (Time is in decaauts)
 A = Elapsed time spent in this place.
 B = Non-inter-level travel time spent in this place.
 C = Inter-level travel time spent in this place.
 D = Time resting spent in this place.
 E = Time spent auto-exploring this place.
 F = Levels seen in this place.
 G = Mean time per level.
                   A        B        C        D        E       F      G
               +--------+--------+--------+--------+--------+-----+--------+
         Total |   1782 |   1713 |     69 |    329 |    999 |   2 |  891.0 |
       Dungeon |   1782 |   1713 |     69 |    329 |    999 |   2 |  891.0 |
               +--------+--------+--------+--------+--------+-----+--------+

Top non-repeatable levels by time:
     D:2: 987 daAuts
     D:1: 795 daAuts
